 Dungeon Crawl Stone Soup version 0.26-a0-710-g95a0c6c400 (webtiles) character file.

Game seed: 12883817353892156400

1212 ringo67 the Covert (level 8, -5/41 HPs)
             Began as a Kobold Enchanter on Oct 30, 2020.
             Was a Follower of Kikubaaqudgha.
             Slain by an ogre
             ... wielding a +0 giant club
              (27 damage)
             ... on level 6 of the Dungeon.
             The game lasted 00:12:36 (6237 turns).

ringo67 the Covert (Kobold Enchanter)               Turns: 6237, Time: 00:12:38

Health: -5/41      AC:  3    Str:  5    XL:     8   Next: 74%
Magic:  4/12       EV: 19    Int: 17    God:    Kikubaaqudgha [*.....]
Gold:   237        SH:  0    Dex: 17    Spells: 10/13 levels left

rFire    . . .     SeeInvis .   k - +3 dagger (flame)
rCold    . . .     Faith    .   (shield restricted)
rNeg     . . .     Spirit   .   b - +0 robe
rPois    .         Reflect  .   (no helmet)
rElec    .         Harm     .   j - scarf {+Inv}
rCorr    .         Rampage  .   (no gloves)
MR       .....                  s - +0 pair of boots
Stlth    +++++.....             g - amulet of the acrobat
HPRegen  0.13/turn              f - ring of flight
MPRegen  0.13/turn              (no ring)

@: drained
A: small, nightstalker 3
a: Receive Corpses, Renounce Religion, Evoke Invisibility, Evoke Flight


You were on level 6 of the Dungeon.
You worshipped Kikubaaqudgha.
Kikubaaqudgha was aware of your devotion.
You visited 2 branches of the dungeon, and saw 8 of its levels.

You collected 237 gold pieces.

Inventory:

Hand Weapons
 a - a +1 dagger
 k - a +3 dagger of flaming (weapon)
 o - a cursed +0 hunting sling
 q - a +2 antimagic short sword
 D - a +0 rapier
Missiles
 e - 52 poisoned darts (quivered)
 y - a throwing net
Armour
 b - a +0 robe (worn)
 j - a scarf of invisibility (worn)
 s - a +0 pair of boots (worn)
Jewellery
 f - a ring of flight (left hand)
 g - an amulet of the acrobat (around neck)
 t - an uncursed amulet of guardian spirit {unknown}
Wands
 x - a wand of paralysis (8)
Scrolls
 c - 8 scrolls of remove curse
 d - 4 scrolls of identify
 h - a scroll of enchant weapon
 i - a scroll of teleportation
 u - a scroll of amnesia {unknown}
 v - 2 scrolls of noise {unknown}
 A - a scroll of enchant armour {unknown}
Potions
 l - a potion of cancellation
 m - a potion of invisibility {unknown}
 n - a potion of might
 p - a potion of curing
 r - a potion of lignification
 w - 4 potions of flight
 z - a potion of degeneration {unknown}
 B - a potion of haste
 C - a potion of heal wounds {unknown}


   Skills:
 - Level 2.2(1.6) Short Blades
 + Level 6.9(6.2) Dodging
 + Level 8.8(8.0) Stealth
 - Level 3.0(2.3) Spellcasting
 + Level 6.3(5.6) Hexes


You had 10 spell levels left.
You knew the following spells:

 Your Spells              Type           Power        Failure   Level
a - Corona                Hex            ###....      1%          1
b - Ensorcelled Hibernat  Hex/Ice        ##....       9%          2

Your spell library contained the following spells:

 Spells                   Type           Power        Failure   Level
 Confusing Touch          Hex            ###.....     5%          3
 Tukima's Dance           Hex            ###.....     5%          3
 Animate Skeleton         Necr           #.....       19%         1
 Pain                     Necr           #...         19%         1
 Dazzling Flash           Conj/Hex       ##....       19%         3
 Sublimation of Blood     Necr           #.........   28%         2
 Vampiric Draining        Necr           #.........   50%         3


Dungeon Overview and Level Annotations

Branches:
Dungeon (7/15)             Temple (1/1) D:7

Altars:
Dithmenos
Kikubaaqudgha
Nemelex Xobeh
Ru
Trog
Uskayaw
Wu Jian
Yredelemnul
Zin
The Shining One


Innate Abilities, Weirdness & Mutations

You are small and have problems with some larger weapons.
You are completely attuned to the shadows.


Message History

Press: ? - help, Shift-Dir - straight line, f - ogre
Aim: an ogre, wielding a +0 giant club (chance to defeat MR: 42%)
The ogre resists with some effort.
The ogre hits you with a +0 giant club!!
Casting: Ensorcelled Hibernation (safe; 9% risk of failure)
Confirm with . or Enter, or press ? or * to list all spells.
Aiming: Ensorcelled Hibernation (safe; 9% risk of failure)
Press: ? - help, Shift-Dir - straight line, f/p - ogre
Aim: an ogre, wielding a +0 giant club (chance to defeat MR: 42%)
The ogre resists with some effort.
Casting: Ensorcelled Hibernation (safe; 9% risk of failure)
Confirm with . or Enter, or press ? or * to list all spells.
Aiming: Ensorcelled Hibernation (safe; 9% risk of failure)
Press: ? - help, Shift-Dir - straight line, f/p - ogre
Aim: an ogre, wielding a +0 giant club (chance to defeat MR: 42%)
The ogre resists with some effort.
The ogre hits you with a +0 giant club!!
Ouch! That really hurt!
You die...
Kikubaaqudgha rasps: "You have failed me!
Welcome... death!"

*,,.............*,,,,,,
*,,<............*,,,,,,
*,,.............*,,,,,,
*,,............,**,,,**
*#+####)##....,,,*,,,*,
#......)'....,,,*,,,*,
#....[..#....,,,*,,,*,
#.......#....,,,*,,,*,
#....@O.#,,,,,,,*,,,*,
#.......#,,,,,,,*,,,*,
#..†)##.#,,,,,,,*+***,
#....##.##****,,,,,,,,
#.........,,,*,,,,,,,,
#......[..,,,*,,,,,,,,
#.........,,,*,,,,,,,,
#....###..,,,*,,,,,,,,
#..<.###**************


You could see an ogre.

Vanquished Creatures
  A sky beast (D:5)
  An orc warrior (D:5)
  A phantom (D:7)
  2 ogres
  Blork the orc (D:5)
  2 scorpions (D:4)
  2 howler monkeys
  An orc priest (D:4)
  A jelly (D:5)
  A bullfrog skeleton (D:5)
  3 orc wizards
  8 worker ants
  A hound skeleton (D:4)
  5 adders
  An adder skeleton (D:5)
  3 worms
  A dart slug (D:1)
  6 leopard geckos
  18 orcs
  2 bats
  6 giant cockroaches
  3 goblins
  6 hobgoblins
  10 jackals
  6 kobolds
  A quokka (D:3)
  6 frilled lizards
  A giant cockroach zombie (D:4)
  A quokka skeleton (D:4)
  7 rats
108 creatures vanquished.

Vanquished Creatures (others)
  A giant cockroach (D:4)
1 creature vanquished.

Grand Total: 109 creatures vanquished

Notes
Turn   | Place    | Note
-------+----------+-------------------------------------------
     0 | D:1      | ringo67 the Kobold Enchanter began the quest for the Orb.
     0 | D:1      | Reached XP level 1. HP: 10/10 MP: 3/3
    96 | D:1      | Reached XP level 2. HP: 15/15 MP: 5/5
   680 | D:1      | Reached XP level 3. HP: 19/19 MP: 6/6
  1243 | D:2      | Learned a level 2 spell: Ensorcelled Hibernation
  1759 | D:2      | Found a basalt altar of Yredelemnul.
  2187 | D:3      | Reached XP level 4. HP: 24/24 MP: 6/8
  2561 | D:3      | Found a glowing golden altar of the Shining One.
  3169 | D:4      | Noticed an ogre
  3199 | D:4      | Killed an ogre
  3199 | D:4      | Reached skill level 5 in Stealth
  3199 | D:4      | Reached XP level 5. HP: 10/28 MP: 0/9
  3412 | D:4      | Reached XP level 6. HP: 32/32 MP: 7/10
  3451 | D:4      | You fall into a shaft and drop 1 floor!
  3451 | D:5      | Entered Level 5 of the Dungeon
  3451 | D:5      | Found a sparkling altar of Nemelex Xobeh.
  3549 | D:4      | Found a hide-covered altar of Uskayaw.
  3550 | D:4      | Noticed a -1 dagger
  3550 | D:4      | Noticed a +0 dagger
  3602 | D:4      | Found a bloodstained altar of Trog.
  3715 | D:4      | Reached skill level 6 in Stealth
  3796 | D:4      | Found a shadowy altar of Dithmenos.
  4149 | D:4      | Reached XP level 7. HP: 35/36 MP: 6/11
  4262 | D:4      | Reached skill level 5 in Dodging
  4499 | D:4      | Reached skill level 5 in Hexes
  4636 | D:7      | Reached skill level 7 in Stealth
  4643 | D:7      | Found a staircase to the Ecumenical Temple.
  4670 | Temple   | Entered the Ecumenical Temple
  4704 | Temple   | Became a worshipper of Kikubaaqudgha
  4796 | D:5      | Reached XP level 8. HP: 41/41 MP: 12/12
  4812 | D:5      | Noticed Blork the orc
  4963 | D:5      | Killed Blork the orc
  5055 | D:5      | Found a glowing silver altar of Zin.
  5060 | D:5      | Reached skill level 8 in Stealth
  5993 | D:6      | Reached * piety under Kikubaaqudgha
  5993 | D:6      | Identified Kikubaaqudgha's Guide on Dark Secrets
                  | (Kikubaaqudgha gifted it to you on level 6 of the Dungeon)
  5993 | D:6      | Received a gift from Kikubaaqudgha
  6237 | D:6      | Slain by an ogre

Illustrated notes

Levels and vault maps discovered:
D:1:      dpeg_arrival_rhombi, layout_loops_cross
D:2:      layout_loops_ring, marbit_many_paths
D:3:      layout_loops_corners, nicolae_tso_swordbearing_angel
D:4:      layout_basic, old_standard_altar, dancing_weapons_uskayaw,
          minmay_misc_feat_rows, trog_hazing_becter
D:5:      layout_rooms, nemelex_xobeh_ov_fountains_minmay, zin_academy,
          uniq_blork_the_orc
D:6:      layout_gridville, uniq_sigmund, uniq_crazy_yiuf_cottage, uniq_menkaure
D:7:      nicolae_whirlpool, layout_loops_cross, temple_pool_b, basic_altar,
          uniq_joseph
Temple:   dpeg_chambers_temple

Skill      XL: |  1  2  3  4  5  6  7  8 |
---------------+-------------------------+-----
Short Blades   | 2 |  2.2
Dodging        | 3 4 5 6 |  6.9
Stealth        | 5 6 7 8 |  8.8
Spellcasting   | 3 |  3.0
Hexes          | 4 5 6 |  6.3

Action                   |  1- 3 |  4- 6 |  7- 9 || total
-------------------------+-------+-------+-------++-------
Melee: Dagger            |    81 |    77 |   103 ||   261
 Cast: Ensorcelled Hiber |     1 |    20 |    32 ||    53
  Use: Scroll            |       |     8 |     5 ||    13
 Stab: Sleeping          |    18 |    18 |    27 ||    63
       Distracted        |     2 |       |     2 ||     4
Armor: Robe              |     6 |     9 |    10 ||    25
Dodge: Dodged            |    32 |    88 |    89 ||   209

Table legend: (Time is in decaauts)
 A = Elapsed time spent in this place.
 B = Non-inter-level travel time spent in this place.
 C = Inter-level travel time spent in this place.
 D = Time resting spent in this place.
 E = Time spent auto-exploring this place.
 F = Levels seen in this place.
 G = Mean time per level.
                   A        B        C        D        E       F      G
               +--------+--------+--------+--------+--------+-----+--------+
         Total |   6212 |   6021 |    191 |    834 |   4185 |   8 |  776.5 |
       Dungeon |   6157 |   5985 |    172 |    834 |   4161 |   7 |  879.6 |
        Temple |     54 |     35 |     19 |      0 |     24 |   1 |   54.0 |
               +--------+--------+--------+--------+--------+-----+--------+

Top non-repeatable levels by time:
     D:4: 1562 daAuts
     D:3: 1158 daAuts
     D:5: 1059 daAuts
     D:1: 1054 daAuts
     D:2: 926 daAuts
     D:6: 316 daAuts
     D:7: 78 daAuts
  Temple: 54 daAuts
